 Dungeon Crawl Stone Soup version 0.30-a0-46-g5a63ccc183 (webtiles) character file.

Game seed: 5902191109077554701

37 ytrimaz the Insei (level 3, -1/23 HPs)
             Began as an Octopode Transmuter on Sept 1, 2022.
             Slain by a gnoll
             ... wielding a +0 halberd
              (6 damage)
             ... on level 2 of the Dungeon.
             The game lasted 00:02:37 (1267 turns).

ytrimaz the Insei (Octopode Transmuter)             Turns: 1267, Time: 00:02:38

Health: -1/23      AC:  2    Str:  9    XL:     3   Next: 39%
Magic:  4/6        EV: 19    Int: 17    God:
Gold:   63         SH:  0    Dex: 17    Spells: 0/6 levels left

rFire   + + .      SeeInvis .      - Unarmed
rCold   + . .      Faith    .    (shield currently unavailable)
rNeg    . . .      Spirit   .    (helmet currently unavailable)
rPois   .          Reflect  .    (no amulet)
rElec   +          Harm     .    m - ring of protection from fire
rCorr   +          Rampage  .    (no ring)
Will    .....                    (no ring)
Stlth   ++........               (no ring)
HPRegen 0.07/turn                (no ring)
MPRegen 0.10/turn                (no ring)
                                 (no ring)
                                 (no ring)

@: brilliant, spider-form (expiring), resistant, wereblooded
A: venomous fangs, almost no armour, (amphibious), 8 rings, tiny, (camouflage
1), (gelatinous body 1), (nimble swimmer 1), (tentacles)
a: End Transformation


You were on level 2 of the Dungeon.
You were a venomous arachnid creature.
You visited 1 branch of the dungeon, and saw 2 of its levels.

You collected 63 gold pieces.


Innate Abilities, Weirdness & Mutations

You are a venomous arachnid creature.
You have poisonous fangs.
You are tiny and dextrous.
Your spellcasting is less reliable in this form.
Your armour is entirely melded.
You are incapable of wielding weapons or throwing items.
You cannot wear most types of armour.
((You are amphibious.))
You can wear up to eight rings at the same time.
((Your skin changes colour to match your surroundings (Stealth+).))
((Your rubbery body absorbs attacks. (AC +1, EV +1)))
((You are camouflaged when in or above water. (Stealth+)))
((You have tentacles for arms and can constrict up to eight enemies at once.))


   Skills:
 - Level 1.0 Fighting
 - Level 2.0 Dodging
 - Level 4.3 Unarmed Combat
 + Level 2.0 Spellcasting
 + Level 2.0 Transmutations
 * Level 0.3 Poison Magic


You couldn't memorise any spells.
You knew the following spells:

 Your Spells              Type           Power      Damage    Failure   Level
a - Beastly Appendage     Tmut           26%        N/A       22%         1
b - Wereblood             Tmut           13%        N/A       30%         2
c - Spider Form           Tmut/Pois      8%         N/A       56%         3

Your spell library contained the following spells:

 Spells                   Type           Power      Damage    Failure   Level
 Ice Form                 Ice/Tmut       7%         N/A       90%         4

Inventory:

Missiles
 c - 12 stones {throwing}
 f - 6 poisoned darts {throwing}
Jewellery
 m - a ring of protection from fire (left front leg)
   (You found it on level 1 of the Dungeon)
Scrolls
 a - a scroll of silence {!r}
 d - a scroll of identify {@r1}
Potions
 b - a potion of resistance
 e - a potion of brilliance
 g - a potion of attraction {unknown}
 h - a potion of degeneration {unknown}
 k - a potion of curing {unknown}
 l - 2 potions of heal wounds {unknown}

Dungeon Overview and Level Annotations

Branches:
Dungeon (2/15) Zot: 10737

Altars:

Shops:
D:1

[ ### #.. #.#
#### #.# #.. #.#
#.# #.# #<# #.#
#.# #s# #.# # #g#
#.######
#.#.#####......#
#...g?....####.#
##.##............
#.#........##.#.
#.#..g##.#.#
#........#.#
#.........#.#


You could see 2 gnolls.


Message History

You start memorising the spell.
You continue memorising. x2
You finish memorising.
Spell assigned to 'b'.
This spell is extremely dangerous to cast!
Memorise Spider Form, consuming 3 spell levels and leaving 0?
You start memorising the spell.
You continue memorising. x3
You finish memorising.
Spell assigned to 'c'.
As you read the scroll labelled LYLUUH HETENEQU, it crumbles to dust.
You hear a loud clanging noise!
It was a scroll of noise.
Unknown command.
Blink to where?
Press: ? - help, Dir - move target, f - you Are you sure you want to cancel this blink? [Y]es or [N]o only, please.
Are you sure you want to cancel this blink?
Okay, then.
As you read the scroll labelled GUVYXO JIOL, it crumbles to dust.
It was a scroll of blinking.
As you read the scroll labelled PUNEUM XUAFFYFF, it crumbles to dust.
It is a scroll of identify.
e - 2 potions of brilliance
There is a stone staircase leading down here.
You climb downwards.
There is a stone staircase leading up here.
A ball python comes into view.
The ball python hisses angrily.
You hear a shout!
A ball python is nearby!
One of your tentacles grows a vicious spike. 😎 MP[-1]
You lost 1 mp, and now have 5/6 mp.
The ball python misses you. The ball python closely misses you.
You barely miss the ball python. Your grab misses the ball python.
Your tentacle spike misses the ball python.
Your squeeze misses the ball python. The ball python bites you.
The ball python closely misses you. 😕 HP[-2]
You take 2 damage, and now have 21/23 hp.
You tentacle-slap the ball python. Your grab misses the ball python.
Your tentacle spike misses the ball python.
Your squeeze misses the ball python. The ball python barely misses you.
The ball python closely misses you. 😕 HP[+1]
You tentacle-slap the ball python.
You kill the ball python!
A gnoll and a worm come into view.
Your transformation is almost over.
d - a scroll of identify {@r1} 😕 MP[+1]
Your mp is fully restored (6).
You feel clever all of a sudden.
Unknown command.
A gnoll comes into view. It is wielding a +0 halberd.
Casting: Beastly Appendage (safe; 9% risk of failure)
Confirm with . or Enter, or press ? or * to list all spells.
The spell is extremely dangerous to miscast (36% risk of failure)!
Continue anyway?
You feel a surge of power!
Your tentacle spike disappears.
You turn into a venomous arachnid creature.
A gnoll comes into view. It is wielding a +0 spear. 😕 MP[-2]
You lost 2 mp, and now have 4/6 mp.
Unknown command.
You see here a scroll labelled KOFINU UNALIN.
Casting: Spider Form (astonishingly dangerous; 58% risk of failure)
Confirm with . or Enter, or press ? or * to list all spells.
The spell is quite dangerous to miscast (30% risk of failure)!
Continue anyway?
Okay, then.
Casting: Wereblood (quite dangerous; 30% risk of failure)
Confirm with . or Enter, or press ? or * to list all spells.
The spell is quite dangerous to miscast (30% risk of failure)!
Continue anyway?
You feel a surge of power!
Your blood is infused with primal strength. 😕 MP[-1]
You lost 1 mp, and now have 3/6 mp.
Unknown command.
The worm bites you! 😮 HP[-8]
You take 8 damage, and now have 14/23 hp.
MASSIVE DAMAGE!! (PAUSE)
You hit the worm.
The worm is poisoned.
You hit the worm.
The worm looks as sick as possible!
The worm misses you.
The gnoll shouts!
You hit the worm.
The worm looks as sick as possible!
You bite the worm!
You feel a bit better.
You kill the worm! 😮 HP[+1] Unknown command.
You hiss as the wereblood boils in your veins!
You hear a shout! 😮 MP[+1]
Your transformation is almost over.
The gnoll hits you with a +0 halberd!
* * * LOW HITPOINT WARNING * * *
😱 HP[-10]
You take 10 damage, and now have 5/23 hp.
MASSIVE DAMAGE!! (PAUSE) It was a potion of resistance.
You feel protected. The gnoll hits you with a +0 halberd.
You die...

Skill      XL: |  1  2 |
---------------+-------+-----
Unarmed Combat | 4 |  4.3
Fighting       | |  1.0
Dodging        | |  2.0
Spellcasting   | |  2.0
Transmutations | |  2.0
Poison Magic   | |  0.3

Action                   || total
-------------------------++-------
Melee: Unarmed           ||    68
       Constrict         ||    15
       Kick              ||    11
       Tentacles         ||     5
 Cast: Beastly Appendage ||    13
       Spider Form       ||     1
       Wereblood         ||     1
  Use: Potion            ||     3
       Scroll            ||     4
Armor: Skin              ||    45
Dodge: Dodged            ||    56

Levels and vault maps discovered:
D:1:      saegor_arrival_simple_a, layout_rooms,
          dreamdust_ecumenical_altar_statues, serial_shops,
          nicolae_shop_window_shopping
D:2:      layout_loops_ring, glass_columns_c, chequers_serial_rivers_micro_d,
          nicolae_concentric_dashed_squares_wild

Notes
Turn   | Place    | Note
-------+----------+-------------------------------------------
     0 | D:1      | ytrimaz the Octopode Transmuter began the quest for the
                  | Orb.
     0 | D:1      | Reached XP level 1. HP: 13/13 MP: 3/3
     0 | D:1      | magus.rc [v1.9.6]
    36 | D:1      | HP: 4/19 [jackal (1)]
    42 | D:1      | Reached XP level 2. HP: 6/18 MP: 5/5
    42 | D:1      | HP: 5/27 [giant cockroach (1)]
   544 | D:1      | Found Ulaucaot's Antique Armour Shop.
   592 | D:1      | Reached skill level 4 in Unarmed Combat
   742 | D:1      | Reached XP level 3. HP: 22/23 MP: 4/6
  1055 | D:1      | Found a faded altar of an unknown god.
  1212 | D:1      | Learned a level 2 spell: Wereblood
  1216 | D:1      | Learned a level 3 spell: Spider Form
  1266 | D:2      | HP: 5/23 [gnoll/+0 halberd (10)]
  1267 | D:2      | Slain by a gnoll

Vanquished Creatures
  A worm (D:2)
  4 ball pythons
  An endoplasm (D:1)
  A giant cockroach (D:1)
  3 hobgoblins (D:1)
  6 jackals (D:1)
  2 quokkas (D:1)
  4 bats (D:1)
  2 frilled lizards (D:1)
  A goblin (D:1)
  3 kobolds (D:1)
  2 rats (D:1)
30 creatures vanquished.

Table legend:
 A = Non-vault XP
 B = Vault XP
 C = Vault XP percentage of total XP
 D = Non-vault monster count
 E = Vault monster count
 F = Vault count percentage of total count
                 A         B        C        D         E       F
            +---------+---------+-------+---------+---------+-------
      Total |      53 |       0 |   0.0 |      30 |       0 |   0.0
            +---------+---------+-------+---------+---------+-------
        D:1 |      46 |       0 |   0.0 |      28 |       0 |   0.0
        D:2 |       7 |       0 |   0.0 |       2 |       0 |   0.0
            +---------+---------+-------+---------+---------+-------

Illustrated notes

Table legend:
 A = Kills in this place as a percentage of kills in entire the game.
 B = Kills by you in this place as a percentage of kills by you in the entire game.
 C = Kills by friends in this place as a percentage of kills by friends in the entire game.
 D = Other kills in this place as a percentage of other kills in the entire game.
 E = Experience gained in this place as a percentage of experience gained in the entire game.
 F = Experience gained in this place divided by the number of levels of this place that you have seen.
                   A       B       C       D       E      F
               +-------+-------+-------+-------+-------+----------------------
         Total | 100.0 | 100.0 |   N/A |   N/A | 100.0 |  26.5
       Dungeon | 100.0 | 100.0 |   N/A |   N/A | 100.0 |  26.5
               +-------+-------+-------+-------+-------+----------------------

Table legend: (Time is in decaauts)
 A = Elapsed time spent in this place.
 B = Non-inter-level travel time spent in this place.
 C = Inter-level travel time spent in this place.
 D = Time resting spent in this place.
 E = Time spent auto-exploring this place.
 F = Levels seen in this place.
 G = Mean time per level.
                   A        B        C        D        E       F      G
               +--------+--------+--------+--------+--------+-----+--------+
         Total |   1262 |   1247 |     15 |    139 |    854 |   2 |  631.0 |
       Dungeon |   1262 |   1247 |     15 |    139 |    854 |   2 |  631.0 |
               +--------+--------+--------+--------+--------+-----+--------+

Top non-repeatable levels by time:
     D:1: 1228 daAuts
     D:2: 33 daAuts
